Capitals vs Devils
Created - October 16, 2023 at 19:13
Goals
|
| Capitals |
0 |
1 |
0 |
1 |
2 |
| Devils |
1 |
0 |
0 |
0 |
1 |
|
Shots
|
| Capitals |
11 |
12 |
6 |
2 |
31 |
| Devils |
14 |
9 |
13 |
0 |
36 |
|
1st period
1. Devils , Logan Shaw 1 (Brayden Point 1) at 10:19
Penalties :
No Penalty
2nd period
2. Capitals , Taylor Hall 1 (Nicklas Backstrom 1) at 16:55 (PP)
Penalties :
Kristopher Letang (N.J) for Tripping (Minor) at 7:32, Phil Kessel (Was) for Interference (Minor) at 11:21, Jonathan Huberdeau (N.J) for Diving (Minor) at 16:53, Matt Donovan (N.J) for Holding (Minor) at 18:36
3rd period
No Goal
Penalties :
No Penalty
Overtime #1
3. Capitals , Bobby Ryan 1 (Brandon Gormley 1, Taylor Hall 1) at 1:01
Penalties :
No Penalty
Goalie Stats
Cory Schneider (Was), 35 saves from 36 shots - (0.972), W, 1-1-0, 61:01 minutes
Jonathan Quick (N.J), 29 saves from 31 shots - (0.935), OTL, 0-1-1, 61:01 minutes
Players Stats for Capitals
Player Name G A P +/- PIM S H SB GA TA FO MP PP MP PK MP
------------------------------------------------------------------------------------
Alexei Marchenko 0 0 0 0 0 0 0 2 0 2 0/0 21:10 2:03 1:05
Blake Pietila 0 0 0 0 0 1 2 0 0 0 0/1 19:42 2:00 0:31
Bobby Ryan 1 0 1 1 0 4 1 0 3 1 2/2 18:32 1:53 0:00
Brandon Burlon 0 0 0 0 0 1 0 1 0 1 0/0 12:44 0:00 0:54
Brandon Gormley 0 1 1 0 0 2 3 2 1 0 0/0 27:49 1:57 0:54
Cody Hodgson 0 0 0 0 0 1 1 0 1 0 9/18 18:56 1:53 0:31
Jared Spurgeon 0 0 0 0 0 1 0 1 0 1 0/0 11:36 0:00 0:00
Jeff Skinner 0 0 0 -1 0 1 1 1 1 0 0/0 9:50 0:27 0:00
Joe Colborne 0 0 0 0 0 3 2 0 0 0 7/10 12:10 0:32 0:28
Jujhar Khaira 0 0 0 1 0 3 1 0 2 0 0/0 11:22 0:00 0:28
Mike Green 0 0 0 -1 0 0 2 0 0 2 0/0 27:37 1:57 1:05
Nicklas Backstrom 0 1 1 0 0 3 1 0 2 1 9/23 19:05 1:35 0:00
Patrick Kane 0 0 0 0 0 2 4 0 1 0 0/0 20:15 1:41 1:00
Phil Kessel 0 0 0 0 2 1 1 0 2 0 0/0 11:49 0:26 0:00
Sergey Kalinin 0 0 0 -1 0 2 3 0 0 0 2/5 10:14 0:00 1:00
Shea Theodore 0 0 0 0 0 1 1 0 0 0 0/0 20:05 2:03 0:00
Steve Downie 0 0 0 -1 0 2 3 0 1 0 0/0 9:00 0:00 0:00
Taylor Hall 1 1 2 0 0 3 2 0 0 0 3/3 19:07 1:33 0:00
Players Stats for Devils
Player Name G A P +/- PIM S H SB GA TA FO MP PP MP PK MP
------------------------------------------------------------------------------------
Anton Lander 0 0 0 0 0 2 0 0 1 0 4/7 12:26 0:00 2:27
Anton Stralman 0 0 0 0 0 0 2 3 0 2 0/0 17:03 0:00 2:18
Brandon Carlo 0 0 0 0 0 1 0 0 1 2 0/0 23:53 0:00 2:18
Brayden Point 0 1 1 0 0 1 2 0 0 1 4/9 18:52 0:49 0:41
Damon Severson 0 0 0 0 0 2 1 0 0 0 0/0 15:24 0:46 0:00
Eric Tangradi 0 0 0 0 0 3 1 0 0 0 0/0 12:05 0:00 2:25
Jonathan Huberdeau 0 0 0 0 2 3 1 0 1 0 0/0 18:37 0:50 1:35
Kristopher Letang 0 0 0 -1 2 3 1 0 0 2 0/0 22:51 1:13 0:57
Logan Shaw 1 0 1 0 0 1 2 0 0 0 1/1 13:07 0:07 0:00
Matt Donovan 0 0 0 1 2 1 1 1 0 4 0/0 20:42 0:46 0:45
Michael Del Zotto 0 0 0 1 0 1 2 0 1 1 0/0 21:36 1:13 1:42
Miikka Salomaki 0 0 0 1 0 4 1 0 0 0 0/0 10:19 0:00 0:00
Nail Yakupov 0 0 0 0 0 3 0 0 0 0 0/0 16:57 0:50 0:00
Nazem Kadri 0 0 0 0 0 1 2 0 2 1 13/24 19:29 1:02 0:21
Nick Palmieri 0 0 0 0 0 0 0 1 0 0 0/0 7:37 0:00 0:00
Ondrej Kase 0 0 0 0 0 2 2 0 0 0 0/1 11:39 0:27 0:00
Sean Monahan 0 0 0 0 0 0 0 1 0 0 6/18 17:15 0:50 0:31
Tyler Ennis 0 0 0 0 0 8 1 0 2 1 2/2 19:08 1:02 0:00
3 Stars
1 - Cory Schneider (Was)
2 - Taylor Hall (Was)
3 - Bobby Ryan (Was)
Power Play
Capitals - 1 on 3 Attempt(s) - 33.33%
Devils - 0 on 1 Attempt(s) - 0.00%
Penalty Kill
Capitals - 1 on 1 Attempt(s) - 100.00%
- Score 0 goal in Penalty Kill
Devils - 2 on 3 Attempt(s) - 66.67%
- Score 0 goal in Penalty Kill
Team Stat
Capitals - Hits : 28 - Faceoff Wins : 32 - Blocked Shots : 7 - Penalty Minutes : 2
Devils - Hits : 19 - Faceoff Wins : 30 - Blocked Shots : 6 - Penalty Minutes : 6
Official
Referees : Steve Kozari and Trevor Hanson
Linesman : Tony Sericolo and Shandor Alphonso
Game Notes
Nick Palmieri is injured at 5:05 of 2nd period (Left Hip)
Finance
Level 1 -- Attendance: 5382 (89.70%) -- Ticket Income $538,200
Level 2 -- Attendance: 4657 (93.14%) -- Ticket Income $279,420
Level 3 -- Attendance: 1839 (91.95%) -- Ticket Income $64,365
Level 4 -- Attendance: 4000 (100.00%) -- Ticket Income $100,000
Luxury Box -- Attendance: 942 (94.20%) -- Ticket Income $188,400
Game was played at the Prudential Center.
Total Attendance: 16820 (93.44%)
Total Ticket Income: $1,170,385
Other Income: $175,558
Total Income: $1,345,943
Capitals
5 vs 5 Forward
Center Left Wing Right Wing Time % Phy DF OF
1 Nicklas Backstrom Taylor Hall Patrick Kane 35 0 0 5
2 Cody Hodgson Blake Pietila Bobby Ryan 30 0 0 5
3 Joe Colborne Jujhar Khaira Phil Kessel 20 0 1 4
4 Sergey Kalinin Jeff Skinner Steve Downie 15 0 2 3
5 vs 5 Defense
Defense Defense Time % Phy DF OF
1 Brandon Gormley Mike Green 40 0 2 3
2 Alexei Marchenko Shea Theodore 30 0 3 2
3 Brandon Burlon Jared Spurgeon 20 0 3 2
4 Brandon Gormley Mike Green 10 0 2 3
PowerPlay Forward
Center Left Wing Right Wing Time % Phy DF OF
1 Nicklas Backstrom Taylor Hall Patrick Kane 60 0 0 5
2 Cody Hodgson Blake Pietila Bobby Ryan 40 0 0 5
PowerPlay Defense
Defense Defense Time % Phy DF OF
1 Brandon Gormley Mike Green 60 0 1 4
2 Alexei Marchenko Shea Theodore 40 0 2 3
Penalty Kill 4 Players Forward
Center Wing Time % Phy DF OF
1 Sergey Kalinin Patrick Kane 60 0 4 1
2 Joe Colborne Jujhar Khaira 40 0 4 1
Penalty Kill 4 Players Defense
Defense Defense Time % Phy DF OF
1 Alexei Marchenko Mike Green 60 0 4 1
2 Brandon Gormley Brandon Burlon 40 0 4 1
Penalty Kill - 3 Players Forward
Forward Time % Phy DF OF
1 Patrick Kane 60 0 5 0
2 Taylor Hall 40 0 5 0
Penalty Kill - 3 Players Defense
Defense Defense Time % Phy DF OF
1 Alexei Marchenko Mike Green 60 0 5 0
2 Brandon Burlon Brandon Gormley 40 0 5 0
4 vs 4 Forward
Center Wing Time % Phy DF OF
1 Nicklas Backstrom Taylor Hall 60 0 0 5
2 Cody Hodgson Patrick Kane 40 0 0 5
4 vs 4 Defense
Defense Defense Time % Phy DF OF
1 Brandon Gormley Mike Green 60 0 2 3
2 Alexei Marchenko Shea Theodore 40 0 2 3
Last Minutes Offensive
Center Left Wing Right Wing Defense Defense
Nicklas Backstrom Taylor Hall Patrick Kane Brandon Gormley Mike Green
Last Minutes Defensive
Center Left Wing Right Wing Defense Defense
Sergey Kalinin Blake Pietila Patrick Kane Mike Green Alexei Marchenko
Goaltenders
Starting : Cory Schneider
Backup : Chet Pickard
Extra Forwards
Normal : Patrick Kane, Taylor Hall, Nicklas Backstrom - PP : Patrick Kane, Taylor Hall - PK : Patrick Kane
Extra Defensemen
Normal : Mike Green, Brandon Gormley, Shea Theodore - PP : Mike Green - PK : Alexei Marchenko, Mike Green
Penalty Shots
Taylor Hall, Cody Hodgson, Patrick Kane, Phil Kessel, Bobby Ryan
Custom OT Lines Forwards
Taylor Hall, Patrick Kane, Nicklas Backstrom, Blake Pietila, Bobby Ryan, Jujhar Khaira, Phil Kessel, Cody Hodgson, Jeff Skinner, Joe Colborne
Custom OT Lines Defensemen
Mike Green, Brandon Gormley, Alexei Marchenko, Shea Theodore, Brandon Burlon
Scratches
None
Devils
5 vs 5 Forward
Center Left Wing Right Wing Time % Phy DF OF
1 Nazem Kadri Tyler Ennis Nick Palmieri 36 0 2 3
2 Sean Monahan Jonathan Huberdeau Nail Yakupov 30 0 2 3
3 Brayden Point Miikka Salomaki Logan Shaw 24 0 2 3
4 Anton Lander Eric Tangradi Ondrej Kase 10 0 3 2
5 vs 5 Defense
Defense Defense Time % Phy DF OF
1 Brandon Carlo Kristopher Letang 38 0 3 2
2 Matt Donovan Michael Del Zotto 36 0 3 2
3 Anton Stralman Damon Severson 26 0 3 2
4 Brandon Carlo Kristopher Letang 0 0 3 2
PowerPlay Forward
Center Left Wing Right Wing Time % Phy DF OF
1 Nazem Kadri Tyler Ennis Nick Palmieri 60 0 1 4
2 Sean Monahan Jonathan Huberdeau Nail Yakupov 40 0 1 4
PowerPlay Defense
Defense Defense Time % Phy DF OF
1 Michael Del Zotto Kristopher Letang 60 0 2 3
2 Damon Severson Matt Donovan 40 0 2 3
Penalty Kill 4 Players Forward
Center Wing Time % Phy DF OF
1 Anton Lander Eric Tangradi 65 1 3 1
2 Nazem Kadri Tyler Ennis 35 1 3 1
Penalty Kill 4 Players Defense
Defense Defense Time % Phy DF OF
1 Brandon Carlo Anton Stralman 60 1 4 0
2 Matt Donovan Michael Del Zotto 40 1 4 0
Penalty Kill - 3 Players Forward
Forward Time % Phy DF OF
1 Nazem Kadri 60 1 3 1
2 Sean Monahan 40 1 3 1
Penalty Kill - 3 Players Defense
Defense Defense Time % Phy DF OF
1 Brandon Carlo Kristopher Letang 60 1 4 0
2 Matt Donovan Michael Del Zotto 40 1 4 0
4 vs 4 Forward
Center Wing Time % Phy DF OF
1 Nazem Kadri Tyler Ennis 60 0 2 3
2 Sean Monahan Jonathan Huberdeau 40 0 2 3
4 vs 4 Defense
Defense Defense Time % Phy DF OF
1 Brandon Carlo Kristopher Letang 60 0 3 2
2 Matt Donovan Michael Del Zotto 40 0 3 2
Last Minutes Offensive
Center Left Wing Right Wing Defense Defense
Nazem Kadri Tyler Ennis Nick Palmieri Brandon Carlo Kristopher Letang
Last Minutes Defensive
Center Left Wing Right Wing Defense Defense
Nazem Kadri Tyler Ennis Nick Palmieri Brandon Carlo Kristopher Letang
Goaltenders
Starting : Jonathan Quick
Backup : Calvin Pickard
Extra Forwards
Normal : Brayden Point, Ondrej Kase, Logan Shaw - PP : Brayden Point, Ondrej Kase - PK : Nick Palmieri
Extra Defensemen
Normal : Michael Del Zotto, Anton Stralman, Damon Severson - PP : Michael Del Zotto - PK : Kristopher Letang, Anton Stralman
Penalty Shots
Nazem Kadri, Tyler Ennis, Brayden Point, Sean Monahan, Nick Palmieri
Custom OT Lines Forwards
Nazem Kadri, Tyler Ennis, Jonathan Huberdeau, Sean Monahan, Nick Palmieri, Brayden Point, Logan Shaw, Nail Yakupov, Anton Lander, Ondrej Kase
Custom OT Lines Defensemen
Brandon Carlo, Kristopher Letang, Matt Donovan, Michael Del Zotto, Anton Stralman
Scratches
Sven Baertschi (Healthy), Thomas Hickey (Healthy)
% Time on Ice - Capitals
Lines # - Real PCT - Wanted PCT - Time Play
Normal Forward
1 - 32% - 35% - 17:19
2 - 31% - 30% - 16:55
3 - 20% - 20% - 10:47
4 - 17% - 15% - 9:00
Normal Defense
1 - 36% - 40% - 19:32
2 - 34% - 30% - 18:30
3 - 21% - 20% - 11:36
4 - 8% - 10% - 4:23
PP Forward
1 - 52% - 60% - 2:04
2 - 48% - 40% - 1:56
PP Defense
1 - 49% - 60% - 1:57
2 - 51% - 40% - 2:03
PK Forward
1 - 76% - 60% - 1:31
2 - 24% - 40% - 0:28
PK Defense
1 - 68% - 60% - 1:21
2 - 32% - 40% - 0:38
PK3 Forward
1 - 0% - 60%
2 - 0% - 40%
PK3 Defense
1 - 0% - 60%
2 - 0% - 40%
44 Forward
1 - 0% - 60%
2 - 0% - 40%
44 Defense
1 - 0% - 60%
2 - 0% - 40%
Last Minute Offensive - 0:00
Last Minute Defensive - 0:00
Total
Forward - 60:00
Defense - 60:00
|
% Time on Ice - Devils
Lines # - Real PCT - Wanted PCT - Time Play
Normal Forward
1 - 36% - 36% - 19:31
2 - 29% - 30% - 15:31
3 - 19% - 24% - 10:19
4 - 16% - 10% - 8:40
Normal Defense
1 - 38% - 38% - 20:35
2 - 36% - 36% - 19:40
3 - 25% - 26% - 13:37
4 - 0% - 0% - 0:09
PP Forward
1 - 58% - 60% - 1:09
2 - 42% - 40% - 0:50
PP Defense
1 - 61% - 60% - 1:13
2 - 39% - 40% - 0:46
PK Forward
1 - 100% - 65% - 4:00
2 - 0% - 35% - 0:00
PK Defense
1 - 58% - 60% - 2:18
2 - 43% - 40% - 1:42
PK3 Forward
1 - 0% - 60%
2 - 0% - 40%
PK3 Defense
1 - 0% - 60%
2 - 0% - 40%
44 Forward
1 - 0% - 60%
2 - 0% - 40%
44 Defense
1 - 0% - 60%
2 - 0% - 40%
Last Minute Offensive - 0:00
Last Minute Defensive - 0:00
Total
Forward - 60:00
Defense - 60:00
|
Play-by-Play
1st period
0:01 of 1st period - Nazem Kadri wins face-off versus Nicklas Backstrom in neutral zone.
0:27 of 1st period - Jonathan Huberdeau is hit by Brandon Gormley and loses puck.
0:48 of 1st period - Slapshot by Cody Hodgson.
0:48 of 1st period - Stopped by Jonathan Quick with a rebound.
0:56 of 1st period - Wrist shot by Jujhar Khaira.
0:56 of 1st period - Shot Misses the Net.
1:06 of 1st period - Anton Lander is hit by Jujhar Khaira and loses puck.
1:45 of 1st period - Wrist shot by Patrick Kane.
1:45 of 1st period - Shot Misses the Net.
2:27 of 1st period - Slapshot by Anton Lander.
2:27 of 1st period - Deflect By Ondrej Kase.
2:27 of 1st period - Stopped by Cory Schneider without a rebound.
2:28 of 1st period - Nazem Kadri wins face-off versus Nicklas Backstrom in Capitals zone.
2:51 of 1st period - Kristopher Letang is hit by Taylor Hall and loses puck.
3:30 of 1st period - Brandon Carlo is hit by Patrick Kane and loses puck.
3:37 of 1st period - Snap shot by Nicklas Backstrom.
3:37 of 1st period - Stopped by Jonathan Quick without a rebound.
3:38 of 1st period - Bobby Ryan wins face-off versus Sean Monahan in Devils zone.
3:53 of 1st period - Mike Green is hit by Jonathan Huberdeau and loses puck.
4:04 of 1st period - Matt Donovan is hit by Sergey Kalinin and loses puck.
5:01 of 1st period - Steve Downie is hit by Logan Shaw.
5:29 of 1st period - Brandon Carlo is hit by Blake Pietila.
6:05 of 1st period - Snap shot by Sergey Kalinin.
6:05 of 1st period - Stopped by Jonathan Quick with a rebound.
6:17 of 1st period - Wrist shot by Anton Lander.
6:17 of 1st period - Stopped by Cory Schneider with a rebound.
6:19 of 1st period - Wrist shot by Ondrej Kase.
6:19 of 1st period - Shot Misses the Net.
6:27 of 1st period - Slapshot by Ondrej Kase.
6:27 of 1st period - Shot Misses the Net.
7:17 of 1st period - Michael Del Zotto is hit by Nicklas Backstrom and loses puck.
7:30 of 1st period - Off-side.
7:31 of 1st period - Nazem Kadri wins face-off versus Cody Hodgson in neutral zone.
8:23 of 1st period - Wrist shot by Miikka Salomaki.
8:23 of 1st period - Shot Blocked by Jeff Skinner.
8:25 of 1st period - Wrist shot by Miikka Salomaki.
8:25 of 1st period - Stopped by Cory Schneider with a rebound.
8:27 of 1st period - Snap shot by Brayden Point.
8:27 of 1st period - Stopped by Cory Schneider without a rebound.
8:28 of 1st period - Nazem Kadri wins face-off versus Cody Hodgson in Capitals zone.
8:39 of 1st period - Wrist shot by Tyler Ennis.
8:39 of 1st period - Stopped by Cory Schneider with a rebound.
9:25 of 1st period - Snap shot by Miikka Salomaki.
9:25 of 1st period - Stopped by Cory Schneider without a rebound.
9:26 of 1st period - Logan Shaw wins face-off versus Sergey Kalinin in Capitals zone.
9:51 of 1st period - Brayden Point is hit by Sergey Kalinin.
10:19 of 1st period - Snap shot by Logan Shaw.
10:19 of 1st period - Goal by Logan Shaw - Capitals : 0 - Devils : 1.
10:20 of 1st period - Tyler Ennis wins face-off versus Cody Hodgson in neutral zone.
10:30 of 1st period - Off-side.
10:31 of 1st period - Nazem Kadri wins face-off versus Nicklas Backstrom in neutral zone.
10:34 of 1st period - Patrick Kane is hit by Nazem Kadri and loses puck.
12:08 of 1st period - Wrist shot by Nicklas Backstrom.
12:08 of 1st period - Stopped by Jonathan Quick without a rebound.
12:09 of 1st period - Nicklas Backstrom wins face-off versus Sean Monahan in Devils zone.
12:10 of 1st period - Snap shot by Patrick Kane.
12:10 of 1st period - Shot Misses the Net.
12:12 of 1st period - Snap shot by Brandon Burlon.
12:12 of 1st period - Deflect By Sean Monahan.
12:12 of 1st period - Stopped by Jonathan Quick without a rebound.
12:13 of 1st period - Cody Hodgson wins face-off versus Sean Monahan in Devils zone.
12:26 of 1st period - Snap shot by Bobby Ryan.
12:26 of 1st period - Stopped by Jonathan Quick with a rebound.
12:28 of 1st period - Snap shot by Jared Spurgeon.
12:28 of 1st period - Shot Blocked by Sean Monahan.
12:42 of 1st period - Snap shot by Tyler Ennis.
12:42 of 1st period - Shot Blocked by Brandon Burlon.
12:48 of 1st period - Slapshot by Taylor Hall.
12:48 of 1st period - Shot Misses the Net.
13:02 of 1st period - Wrist shot by Eric Tangradi.
13:02 of 1st period - Stopped by Cory Schneider without a rebound.
13:03 of 1st period - Anton Lander wins face-off versus Joe Colborne in Capitals zone.
13:06 of 1st period - Snap shot by Anton Lander.
13:06 of 1st period - Deflect By Eric Tangradi.
13:06 of 1st period - Stopped by Cory Schneider without a rebound.
13:07 of 1st period - Anton Lander wins face-off versus Nicklas Backstrom in Capitals zone.
13:30 of 1st period - Wrist shot by Anton Lander.
13:30 of 1st period - Stopped by Cory Schneider with a rebound.
13:32 of 1st period - Slapshot by Brandon Carlo.
13:32 of 1st period - Deflect By Mike Green.
13:32 of 1st period - Stopped by Cory Schneider without a rebound.
13:33 of 1st period - Sean Monahan wins face-off versus Cody Hodgson in Capitals zone.
13:36 of 1st period - Snap shot by Jonathan Huberdeau.
13:36 of 1st period - Stopped by Cory Schneider without a rebound.
13:37 of 1st period - Sean Monahan wins face-off versus Cody Hodgson in Capitals zone.
13:54 of 1st period - Wrist shot by Blake Pietila.
13:54 of 1st period - Shot Misses the Net.
14:08 of 1st period - Snap shot by Jujhar Khaira.
14:08 of 1st period - Shot Blocked by Anton Stralman.
14:10 of 1st period - Wrist shot by Jujhar Khaira.
14:10 of 1st period - Shot Blocked by Anton Stralman.
14:12 of 1st period - Snap shot by Joe Colborne.
14:12 of 1st period - Shot Misses the Net.
14:14 of 1st period - Snap shot by Joe Colborne.
14:14 of 1st period - Stopped by Jonathan Quick with a rebound.
14:34 of 1st period - Damon Severson is hit by Brandon Gormley and loses puck.
14:45 of 1st period - Taylor Hall is hit by Miikka Salomaki and loses puck.
15:46 of 1st period - Slapshot by Patrick Kane.
15:46 of 1st period - Stopped by Jonathan Quick with a rebound.
16:13 of 1st period - Wrist shot by Miikka Salomaki.
16:13 of 1st period - Stopped by Cory Schneider without a rebound.
16:14 of 1st period - Nazem Kadri wins face-off versus Cody Hodgson in Capitals zone.
16:17 of 1st period - Slapshot by Tyler Ennis.
16:17 of 1st period - Stopped by Cory Schneider with a rebound.
16:40 of 1st period - Brandon Carlo is hit by Joe Colborne and loses puck.
17:13 of 1st period - Snap shot by Sergey Kalinin.
17:13 of 1st period - Stopped by Jonathan Quick without a rebound.
17:14 of 1st period - Nazem Kadri wins face-off versus Cody Hodgson in Devils zone.
17:19 of 1st period - Shea Theodore is hit by Tyler Ennis and loses puck.
17:44 of 1st period - Snap shot by Joe Colborne.
17:44 of 1st period - Stopped by Jonathan Quick with a rebound.
17:46 of 1st period - Slapshot by Jared Spurgeon.
17:46 of 1st period - Shot Misses the Net.
17:48 of 1st period - Slapshot by Jared Spurgeon.
17:48 of 1st period - Shot Misses the Net.
17:50 of 1st period - Wrist shot by Joe Colborne.
17:50 of 1st period - Shot Misses the Net.
19:57 of 1st period - Wrist shot by Jeff Skinner.
19:57 of 1st period - Stopped by Jonathan Quick without a rebound.
19:58 of 1st period - Brayden Point wins face-off versus Sergey Kalinin in Devils zone.
Goals for this period are 0 for Capitals vs 1 for Devils.
Shots for this period are 11 for Capitals vs 14 for Devils.
2nd period
0:01 of 2nd period - Nazem Kadri wins face-off versus Cody Hodgson in neutral zone.
0:27 of 2nd period - Nail Yakupov is hit by Joe Colborne and loses puck.
0:34 of 2nd period - Jujhar Khaira is hit by Kristopher Letang and loses puck.
0:49 of 2nd period - Brandon Carlo is hit by Brandon Gormley and loses puck.
0:56 of 2nd period - Taylor Hall is hit by Brayden Point and loses puck.
1:07 of 2nd period - Slapshot by Steve Downie.
1:07 of 2nd period - Stopped by Jonathan Quick with a rebound.
1:33 of 2nd period - Snap shot by Tyler Ennis.
1:33 of 2nd period - Stopped by Cory Schneider without a rebound.
1:34 of 2nd period - Cody Hodgson wins face-off versus Nazem Kadri in Capitals zone.
2:01 of 2nd period - Matt Donovan is hit by Patrick Kane.
2:23 of 2nd period - Snap shot by Jujhar Khaira.
2:23 of 2nd period - Deflect By Joe Colborne.
2:23 of 2nd period - Stopped by Jonathan Quick with a rebound.
2:25 of 2nd period - Slapshot by Jared Spurgeon.
2:25 of 2nd period - Stopped by Jonathan Quick with a rebound.
2:51 of 2nd period - Wrist shot by Ondrej Kase.
2:51 of 2nd period - Shot Misses the Net.
3:04 of 2nd period - Off-side.
3:05 of 2nd period - Cody Hodgson wins face-off versus Nazem Kadri in neutral zone.
3:14 of 2nd period - Backhand shot by Blake Pietila.
3:14 of 2nd period - Stopped by Jonathan Quick without a rebound.
3:15 of 2nd period - Cody Hodgson wins face-off versus Nazem Kadri in Devils zone.
3:24 of 2nd period - Snap shot by Bobby Ryan.
3:24 of 2nd period - Stopped by Jonathan Quick with a rebound.
4:39 of 2nd period - Icing by Damon Severson.
4:40 of 2nd period - Joe Colborne wins face-off versus Brayden Point in Devils zone.
4:55 of 2nd period - Snap shot by Joe Colborne.
4:55 of 2nd period - Deflect By Jujhar Khaira.
4:55 of 2nd period - Stopped by Jonathan Quick without a rebound.
4:56 of 2nd period - Nazem Kadri wins face-off versus Nicklas Backstrom in Devils zone.
5:05 of 2nd period - Backhand shot by Taylor Hall.
5:05 of 2nd period - Shot Blocked by Nick Palmieri.
5:05 of 2nd period - Nick Palmieri from Devils is injured at 5:05 of 2nd period (Left Hip).
5:06 of 2nd period - Nicklas Backstrom wins face-off versus Sean Monahan in Devils zone.
5:09 of 2nd period - Snap shot by Taylor Hall.
5:09 of 2nd period - Stopped by Jonathan Quick without a rebound.
5:10 of 2nd period - Nicklas Backstrom wins face-off versus Sean Monahan in Devils zone.
5:15 of 2nd period - Slapshot by Taylor Hall.
5:15 of 2nd period - Stopped by Jonathan Quick without a rebound.
5:16 of 2nd period - Nicklas Backstrom wins face-off versus Sean Monahan in Devils zone.
5:19 of 2nd period - Snap shot by Patrick Kane.
5:19 of 2nd period - Stopped by Jonathan Quick with a rebound.
5:21 of 2nd period - Snap shot by Nicklas Backstrom.
5:21 of 2nd period - Stopped by Jonathan Quick without a rebound.
5:22 of 2nd period - Nicklas Backstrom wins face-off versus Nazem Kadri in Devils zone.
5:37 of 2nd period - Wrist shot by Patrick Kane.
5:37 of 2nd period - Shot Misses the Net.
5:43 of 2nd period - Tyler Ennis is hit by Taylor Hall and loses puck.
7:11 of 2nd period - Wrist shot by Tyler Ennis.
7:11 of 2nd period - Stopped by Cory Schneider without a rebound.
7:12 of 2nd period - Joe Colborne wins face-off versus Sean Monahan in Capitals zone.
7:32 of 2nd period - Minor Penalty to Kristopher Letang for Tripping.
7:33 of 2nd period - Cody Hodgson wins face-off versus Anton Lander in Devils zone.
7:41 of 2nd period - Wrist shot by Cody Hodgson.
7:41 of 2nd period - Shot Blocked by Anton Stralman.
8:40 of 2nd period - Anton Stralman is hit by Phil Kessel and loses puck.
8:57 of 2nd period - Bobby Ryan is hit by Michael Del Zotto and loses puck.
9:10 of 2nd period - Patrick Kane is hit by Matt Donovan and loses puck.
9:32 of 2nd period - Penalty to Kristopher Letang is over, Kristopher Letang is back on ice.
9:42 of 2nd period - Icing by Mike Green.
9:43 of 2nd period - Brayden Point wins face-off versus Joe Colborne in Capitals zone.
9:50 of 2nd period - Brayden Point is hit by Mike Green and loses puck.
10:03 of 2nd period - Jared Spurgeon is hit by Nazem Kadri.
10:07 of 2nd period - Sergey Kalinin is hit by Anton Stralman and loses puck.
11:21 of 2nd period - Minor Penalty to Phil Kessel for Interference.
11:22 of 2nd period - Nazem Kadri wins face-off versus Sergey Kalinin in Capitals zone.
12:36 of 2nd period - Brandon Gormley is hit by Damon Severson and loses puck.
13:21 of 2nd period - Penalty to Phil Kessel is over, Phil Kessel is back on ice.
13:34 of 2nd period - Icing by Brandon Burlon.
13:35 of 2nd period - Sergey Kalinin wins face-off versus Anton Lander in Capitals zone.
13:41 of 2nd period - Off-side.
13:42 of 2nd period - Joe Colborne wins face-off versus Sean Monahan in neutral zone.
13:55 of 2nd period - Slapshot by Kristopher Letang.
13:55 of 2nd period - Stopped by Cory Schneider without a rebound.
13:56 of 2nd period - Sean Monahan wins face-off versus Blake Pietila in Capitals zone.
14:03 of 2nd period - Snap shot by Jonathan Huberdeau.
14:03 of 2nd period - Deflect By Sean Monahan.
14:03 of 2nd period - Shot Misses the Net.
14:03 of 2nd period - Puck is out of play.
14:04 of 2nd period - Bobby Ryan wins face-off versus Sean Monahan in Capitals zone.
14:26 of 2nd period - Slapshot by Jonathan Huberdeau.
14:26 of 2nd period - Shot Misses the Net.
14:28 of 2nd period - Wrist shot by Nail Yakupov.
14:28 of 2nd period - Stopped by Cory Schneider with a rebound.
14:30 of 2nd period - Snap shot by Michael Del Zotto.
14:30 of 2nd period - Shot Misses the Net.
14:44 of 2nd period - Snap shot by Jonathan Huberdeau.
14:44 of 2nd period - Shot Blocked by Alexei Marchenko.
14:46 of 2nd period - Backhand shot by Jonathan Huberdeau.
14:46 of 2nd period - Stopped by Cory Schneider without a rebound.
14:47 of 2nd period - Nicklas Backstrom wins face-off versus Nazem Kadri in Capitals zone.
14:54 of 2nd period - Kristopher Letang is hit by Mike Green and loses puck.
15:13 of 2nd period - Jujhar Khaira is hit by Ondrej Kase and loses puck.
15:22 of 2nd period - Slapshot by Eric Tangradi.
15:22 of 2nd period - Stopped by Cory Schneider without a rebound.
15:23 of 2nd period - Nicklas Backstrom wins face-off versus Sean Monahan in Capitals zone.
15:36 of 2nd period - Snap shot by Sean Monahan.
15:36 of 2nd period - Shot Misses the Net.
15:55 of 2nd period - Snap shot by Tyler Ennis.
15:55 of 2nd period - Shot Misses the Net.
15:57 of 2nd period - Snap shot by Tyler Ennis.
15:57 of 2nd period - Stopped by Cory Schneider without a rebound.
15:58 of 2nd period - Sean Monahan wins face-off versus Nicklas Backstrom in Capitals zone.
15:59 of 2nd period - Wrist shot by Jonathan Huberdeau.
15:59 of 2nd period - Shot Misses the Net.
16:01 of 2nd period - Snap shot by Sean Monahan.
16:01 of 2nd period - Shot Misses the Net.
16:03 of 2nd period - Slapshot by Kristopher Letang.
16:03 of 2nd period - Deflect By Nicklas Backstrom.
16:03 of 2nd period - Stopped by Cory Schneider with a rebound.
16:07 of 2nd period - Wrist shot by Jonathan Huberdeau.
16:07 of 2nd period - Shot Blocked by Brandon Gormley.
16:09 of 2nd period - Slapshot by Kristopher Letang.
16:09 of 2nd period - Stopped by Cory Schneider without a rebound.
16:10 of 2nd period - Cody Hodgson wins face-off versus Brayden Point in Capitals zone.
16:44 of 2nd period - Sean Monahan is hit by Shea Theodore and loses puck.
16:53 of 2nd period - Minor Penalty to Jonathan Huberdeau for Diving.
16:54 of 2nd period - Nicklas Backstrom wins face-off versus Anton Lander in Devils zone.
16:55 of 2nd period - Wrist shot by Taylor Hall.
16:55 of 2nd period - Goal by Taylor Hall - Capitals : 1 - Devils : 1.
16:56 of 2nd period - Cody Hodgson wins face-off versus Nazem Kadri in neutral zone.
17:08 of 2nd period - Off-side.
17:09 of 2nd period - Taylor Hall wins face-off versus Sean Monahan in neutral zone.
17:16 of 2nd period - Slapshot by Patrick Kane.
17:16 of 2nd period - Shot Misses the Net.
17:44 of 2nd period - Wrist shot by Brandon Gormley.
17:44 of 2nd period - Stopped by Jonathan Quick without a rebound.
17:45 of 2nd period - Brayden Point wins face-off versus Joe Colborne in Devils zone.
17:47 of 2nd period - Icing by Tyler Ennis.
17:48 of 2nd period - Joe Colborne wins face-off versus Nazem Kadri in Devils zone.
18:36 of 2nd period - Minor Penalty to Matt Donovan for Holding.
18:37 of 2nd period - Anton Lander wins face-off versus Nicklas Backstrom in Devils zone.
19:33 of 2nd period - Shea Theodore is hit by Eric Tangradi and loses puck.
Goals for this period are 1 for Capitals vs 0 for Devils.
Shots for this period are 12 for Capitals vs 9 for Devils.
3rd period
0:01 of 3rd period - Anton Lander wins face-off versus Nicklas Backstrom in neutral zone.
0:36 of 3rd period - Penalty to Matt Donovan is over, Matt Donovan is back on ice.
0:36 of 3rd period - Wrist shot by Cody Hodgson.
0:36 of 3rd period - Shot Misses the Net.
0:50 of 3rd period - Wrist shot by Steve Downie.
0:50 of 3rd period - Shot Misses the Net.
0:52 of 3rd period - Wrist shot by Jeff Skinner.
0:52 of 3rd period - Shot Misses the Net.
0:54 of 3rd period - Snap shot by Steve Downie.
0:54 of 3rd period - Stopped by Jonathan Quick without a rebound.
0:55 of 3rd period - Brayden Point wins face-off versus Nicklas Backstrom in Devils zone.
0:55 of 3rd period - Brayden Point is hit by Patrick Kane.
2:43 of 3rd period - Snap shot by Jonathan Huberdeau.
2:43 of 3rd period - Shot Blocked by Jared Spurgeon.
2:58 of 3rd period - Blake Pietila is hit by Anton Stralman and loses puck.
3:30 of 3rd period - Matt Donovan is hit by Sergey Kalinin and loses puck.
3:49 of 3rd period - Slapshot by Blake Pietila.
3:49 of 3rd period - Shot Misses the Net.
4:01 of 3rd period - Alexei Marchenko is hit by Michael Del Zotto and loses puck.
4:14 of 3rd period - Slapshot by Matt Donovan.
4:14 of 3rd period - Shot Misses the Net.
4:16 of 3rd period - Snap shot by Michael Del Zotto.
4:16 of 3rd period - Stopped by Cory Schneider without a rebound.
4:17 of 3rd period - Sergey Kalinin wins face-off versus Nazem Kadri in Capitals zone.
4:42 of 3rd period - Brandon Carlo is hit by Patrick Kane and loses puck.
5:01 of 3rd period - Snap shot by Anton Lander.
5:01 of 3rd period - Shot Misses the Net.
5:03 of 3rd period - Slapshot by Damon Severson.
5:03 of 3rd period - Stopped by Cory Schneider without a rebound.
5:04 of 3rd period - Cody Hodgson wins face-off versus Ondrej Kase in Capitals zone.
6:02 of 3rd period - Off-side.
6:03 of 3rd period - Nicklas Backstrom wins face-off versus Nazem Kadri in neutral zone.
6:05 of 3rd period - Off-side.
6:06 of 3rd period - Nazem Kadri wins face-off versus Nicklas Backstrom in neutral zone.
6:11 of 3rd period - Slapshot by Brandon Carlo.
6:11 of 3rd period - Deflect By Tyler Ennis.
6:11 of 3rd period - Stopped by Cory Schneider without a rebound.
6:12 of 3rd period - Nazem Kadri wins face-off versus Nicklas Backstrom in Capitals zone.
6:21 of 3rd period - Slapshot by Nazem Kadri.
6:21 of 3rd period - Stopped by Cory Schneider without a rebound.
6:22 of 3rd period - Taylor Hall wins face-off versus Brayden Point in Capitals zone.
6:33 of 3rd period - Wrist shot by Miikka Salomaki.
6:33 of 3rd period - Stopped by Cory Schneider with a rebound.
7:41 of 3rd period - Slapshot by Shea Theodore.
7:41 of 3rd period - Stopped by Jonathan Quick with a rebound.
8:35 of 3rd period - Wrist shot by Anton Lander.
8:35 of 3rd period - Shot Blocked by Alexei Marchenko.
9:43 of 3rd period - Snap shot by Steve Downie.
9:43 of 3rd period - Shot Misses the Net.
9:54 of 3rd period - Slapshot by Michael Del Zotto.
9:54 of 3rd period - Shot Misses the Net.
10:04 of 3rd period - Matt Donovan is hit by Bobby Ryan and loses puck.
10:11 of 3rd period - Mike Green is hit by Logan Shaw and loses puck.
10:46 of 3rd period - Wrist shot by Tyler Ennis.
10:46 of 3rd period - Stopped by Cory Schneider with a rebound.
10:48 of 3rd period - Snap shot by Ondrej Kase.
10:48 of 3rd period - Stopped by Cory Schneider with a rebound.
11:03 of 3rd period - Matt Donovan is hit by Steve Downie and loses puck.
11:25 of 3rd period - Patrick Kane is hit by Brayden Point and loses puck.
11:43 of 3rd period - Kristopher Letang is hit by Cody Hodgson and loses puck.
11:58 of 3rd period - Snap shot by Joe Colborne.
11:58 of 3rd period - Shot Misses the Net.
12:00 of 3rd period - Slapshot by Brandon Gormley.
12:00 of 3rd period - Shot Hit the Post.
12:26 of 3rd period - Jonathan Huberdeau is hit by Steve Downie and loses puck.
12:53 of 3rd period - Michael Del Zotto is hit by Blake Pietila and loses puck.
13:06 of 3rd period - Wrist shot by Jujhar Khaira.
13:06 of 3rd period - Stopped by Jonathan Quick without a rebound.
13:07 of 3rd period - Joe Colborne wins face-off versus Brayden Point in Devils zone.
13:36 of 3rd period - Slapshot by Tyler Ennis.
13:36 of 3rd period - Stopped by Cory Schneider without a rebound.
13:37 of 3rd period - Nazem Kadri wins face-off versus Nicklas Backstrom in Capitals zone.
13:38 of 3rd period - Snap shot by Tyler Ennis.
13:38 of 3rd period - Shot Misses the Net.
13:40 of 3rd period - Slapshot by Anton Stralman.
13:40 of 3rd period - Shot Blocked by Brandon Gormley.
13:42 of 3rd period - Slapshot by Damon Severson.
13:42 of 3rd period - Stopped by Cory Schneider without a rebound.
13:43 of 3rd period - Sean Monahan wins face-off versus Nicklas Backstrom in Capitals zone.
13:44 of 3rd period - Snap shot by Jonathan Huberdeau.
13:44 of 3rd period - Deflect By Nail Yakupov.
13:44 of 3rd period - Stopped by Cory Schneider with a rebound.
14:18 of 3rd period - Wrist shot by Phil Kessel.
14:18 of 3rd period - Stopped by Jonathan Quick with a rebound.
14:20 of 3rd period - Slapshot by Jujhar Khaira.
14:20 of 3rd period - Stopped by Jonathan Quick without a rebound.
14:21 of 3rd period - Tyler Ennis wins face-off versus Nicklas Backstrom in Devils zone.
14:55 of 3rd period - Slapshot by Sean Monahan.
14:55 of 3rd period - Deflect By Nail Yakupov.
14:55 of 3rd period - Shot Misses the Net.
14:55 of 3rd period - Puck is out of play.
14:56 of 3rd period - Cody Hodgson wins face-off versus Sean Monahan in Capitals zone.
15:01 of 3rd period - Snap shot by Blake Pietila.
15:01 of 3rd period - Shot Blocked by Matt Donovan.
15:03 of 3rd period - Snap shot by Bobby Ryan.
15:03 of 3rd period - Stopped by Jonathan Quick without a rebound.
15:04 of 3rd period - Sean Monahan wins face-off versus Cody Hodgson in Devils zone.
15:33 of 3rd period - Snap shot by Cody Hodgson.
15:33 of 3rd period - Shot Misses the Net.
16:30 of 3rd period - Slapshot by Matt Donovan.
16:30 of 3rd period - Shot Misses the Net.
16:38 of 3rd period - Snap shot by Jonathan Huberdeau.
16:38 of 3rd period - Shot Misses the Net.
16:40 of 3rd period - Wrist shot by Nail Yakupov.
16:40 of 3rd period - Stopped by Cory Schneider with a rebound.
16:42 of 3rd period - Slapshot by Matt Donovan.
16:42 of 3rd period - Stopped by Cory Schneider with a rebound.
16:44 of 3rd period - Wrist shot by Jonathan Huberdeau.
16:44 of 3rd period - Stopped by Cory Schneider without a rebound.
16:45 of 3rd period - Joe Colborne wins face-off versus Brayden Point in Capitals zone.
17:12 of 3rd period - Mike Green is hit by Ondrej Kase and loses puck.
18:03 of 3rd period - Snap shot by Jujhar Khaira.
18:03 of 3rd period - Shot Misses the Net.
18:05 of 3rd period - Snap shot by Phil Kessel.
18:05 of 3rd period - Shot Misses the Net.
18:07 of 3rd period - Slapshot by Jujhar Khaira.
18:07 of 3rd period - Shot Misses the Net.
18:11 of 3rd period - Wrist shot by Jujhar Khaira.
18:11 of 3rd period - Shot Misses the Net.
18:27 of 3rd period - Anton Stralman is hit by Jeff Skinner and loses puck.
18:40 of 3rd period - Nazem Kadri is hit by Steve Downie.
18:41 of 3rd period - Icing by Nazem Kadri.
18:42 of 3rd period - Joe Colborne wins face-off versus Nazem Kadri in Devils zone.
Goals for this period are 0 for Capitals vs 0 for Devils.
Shots for this period are 6 for Capitals vs 13 for Devils.
Overtime #1
0:01 of 1st overtime period - Taylor Hall wins face-off versus Nazem Kadri in neutral zone.
0:59 of 1st overtime period - Slapshot by Brandon Gormley.
0:59 of 1st overtime period - Stopped by Jonathan Quick with a rebound.
1:01 of 1st overtime period - Slapshot by Brandon Gormley.
1:01 of 1st overtime period - Deflect By Bobby Ryan.
1:01 of 1st overtime period - Goal by Bobby Ryan - Capitals : 2 - Devils : 1.
Goals for this period are 1 for Capitals vs 0 for Devils.
Shots for this period are 2 for Capitals vs 0 for Devils.
Output by the SimonT Hockey Simulator (STHS) for Francois Prevost